 Dungeon Crawl Stone Soup version 0.17.0-56-gd8de76c (webtiles) character file.

83 gorblad the Sneak (level 4, -4/33 HPs)
             Began as a Vampire Assassin on Dec 4, 2015.
             Slain by a worm (11 damage)
             ... on level 2 of the Dungeon.
             The game lasted 00:04:59 (1774 turns).

gorblad the Sneak (Vampire Assassin)                Turns: 1774, Time: 00:04:59

Health: -4/33      AC:  6    Str: 10      XL:     4   Next: 22%
Magic:  4/4        EV: 11    Int: 13      God:
Gold:   112        SH:  0    Dex: 12 (16) Spells: 0 memorised, 3 levels left

rFire  . . .     SeeInvis +     a - +2 dagger
rCold  + . .     Clarity  .     j - +1 leather armour
rNeg   + + .     SustAt   .     (no shield)
rPois  +         Gourm    .     (no helmet)
rElec  .         Spirit   .     d - +0 cloak
rCorr  .         Warding  .     h - +0 pair of gloves
rMut   .         Stasis   .     (no boots)
MR     .....                    (no amulet)
Stlth  ++++......               (no ring)
                                (no ring)

@: regenerating slowly, not resistant to hostile enchantments, stealthy
A: fangs 3, see invisible, unbreathing
a: Bat Form


You were on level 2 of the Dungeon.
You were thirsty.

You visited 1 branch of the dungeon, and saw 2 of its levels.

You collected 112 gold pieces.

Inventory:

Hand Weapons
 a - a +2 dagger (weapon)
 b - a +0 blowgun
Missiles
 e - 46 poisoned needles
 f - 2 curare-tipped needles
 p - 2 needles of frenzy
Armour
 c - a +0 robe
 d - a +0 cloak (worn)
 h - a +0 pair of gloves (worn)
 j - a +1 leather armour (worn)
Jewellery
 m - a +5 ring of slaying {unknown}
Scrolls
 k - a scroll of identify {unknown}
Potions
 g - 14 potions of blood


   Skills:
 + Level 2.1 Fighting
 + Level 2.7 Short Blades
 + Level 1.6 Throwing
 + Level 0.7 Armour
 + Level 1.9 Dodging
 + Level 7.4 Stealth


You had 3 spell levels left.
You didn't know any spells.

Dungeon Overview and Level Annotations

Branches:
Dungeon (2/15)

Altars:
Kikubaaqudgha
Qazlal
Ru
Trog
The Shining One


Innate Abilities, Weirdness & Mutations

You heal slowly.
You have razor-sharp teeth.
You have supernaturally acute eyesight.
You can survive without breathing.


Message History

There isn't anything to bottle or butcher here.
You are feeling thirsty.
The worm barely misses you.
The moth of wrath's fur bristles in rage as it notices you.
You hit the worm.
The worm is moderately wounded.
The worm closely misses you.
You barely miss the worm.
The worm is moderately wounded.
The moth of wrath goads the worm on!
The worm goes berserk!
The moth of wrath goads the worm on!
The worm goes berserk!
You hit the worm. Your bite misses the worm.
The worm is moderately wounded.
The worm bites you! x2
You barely miss the worm.
The worm is moderately wounded.
The worm bites you.
* * * LOW HITPOINT WARNING * * *
The worm bites you!
You die...

###### #### .....# ###.))###
####.# ##..)..).##
####.####...._....#
.......##.........##
.##....#....###ww..#
.......#...##y##@..#
...%...#....###....# #.#
.##....#...........# ##.##
..#######.........####...## #
#.### ##.......####.....## #
....# #####รท#### #.......# #
#...# ##..##.#### #.......#
#...####.........###.......######
.......'.........'...............


You could see a moth of wrath and 2 worms.

Vanquished Creatures
  3 adders (D:2)
  3 oozes
  A worm (D:2)
  A ball python (D:1)
  6 goblins
  5 hobgoblins
  7 kobolds
  8 bats
  4 giant cockroaches
  4 giant newts
  6 rats (D:2)
48 creatures vanquished.

Notes
Turn   | Place    | Note
--------------------------------------------------------------
     0 | D:1      | gorblad the Vampire Assassin began the quest for the Orb.
     0 | D:1      | Reached XP level 1. HP: 16/16 MP: 1/1
    97 | D:1      | Reached skill level 6 in Stealth
   203 | D:1      | Reached XP level 2. HP: 22/22 MP: 2/2
   349 | D:1      | Found a glowing golden altar of the Shining One.
   488 | D:1      | Reached XP level 3. HP: 25/27 MP: 3/3
   738 | D:2      | Reached skill level 7 in Stealth
  1014 | D:2      | Reached XP level 4. HP: 33/33 MP: 4/4
  1263 | D:2      | Found a sacrificial altar of Ru.
  1269 | D:2      | Found an ancient bone altar of Kikubaaqudgha.
  1271 | D:2      | Found a stormy altar of Qazlal.
  1469 | D:2      | Noticed a moth of wrath
  1472 | D:2      | Found a bloodstained altar of Trog.
  1774 | D:2      | Slain by a worm

Action                   |  1- 3 |  4- 6 || total
-------------------------+-------+-------++-------
Melee: Dagger            |    99 |    38 ||   137
  Use: Scroll            |     4 |       ||     4
       Potion            |       |     7 ||     7
 Stab: Sleeping          |    15 |     3 ||    18
